cohdb
Replays
Latest Replays
All Replays
Popular Replays
Top Player Replays
Match Explorer
How It Works
Community
CoH3 Stats
Reddit
Sign in to upload your games and track your stats! →
Sign in with Steam
Match 42100557
Unlisted
Match 42100557
Overview
Messages
Build Orders
End
Kradschützen Motorcycle Team
Selects Italian Infantry
Panzergrenadier Squad
Panzergrenadier Squad
Construct Light Support Kompanie
Selects Defensive Operations
2.5-tonne Medical Truck
Panzergrenadier Squad
Selects Territory Booby Traps
Assault Mechanized Group
Selects Prepared Positions
Selects Guastatori Squad
Guastatori Squad
Panzerjäger Mechanized Group
Fire Support Elements
Construct Panzerarmee Kommand
Selects Propaganda War
Selects L6/40 Light Tank Combat Group
Selects Propaganda War
Selects Registered Artillery
ConcernedApe
badiba
Derpies
Alex Caesar
0
0
Comments
sign in to comment!
No comments posted yet!